Map: Deathaura LE

Players

DANKCRAFT - Winner!

  • Race: Zerg Zerg
  • League: Diamond
  • Spawn Location: 5:00

Ixisrisko

  • Race: Zerg Zerg
  • League: Diamond
  • Spawn Location: 11:00

VOD

Have the link to the VOD?

Description

Time

  • Played on: Feb. 15, 2021, 4:04 p.m.
  • Length: 17:40
Show
View Real Time Build Order
Export as new Build Order

DANKCRAFT Zerg - Winner!

Build Orders: Hatch First 

Get SALT Encoding   

  12  0:01  Drone  
  13  0:08  Drone  
  14  0:18  Overlord  
  14  0:38  Drone x3  
  17  0:57  Hatchery  
  17  1:00  Drone  
  17  1:03  Drone  
  18  1:18  Spawning Pool  
  18  1:20  Drone  
  18  1:24  Extractor  
  17  1:30  Drone  
  18  1:34  Drone  
  19  1:53  Hatchery  
  18  1:57  Drone  
  18  1:58  Drone  
  20  2:07  Spine Crawler  
  19  2:10  Spine Crawler  
  18  2:16  Spine Crawler  
  17  2:26  Drone x3  
  20  2:31  Drone  
  20  2:33  Drone  
  22  2:37  Drone  
  22  2:43  Extractor, Drone  
  23  2:50  Spine Crawler  
  22  3:18  Spine Crawler  
  22  3:23  Spine Crawler  
  22  3:25  Zergling x6  
  24  3:27  Zergling x2  
  24  3:28  Zergling x4  
  24  3:30  Drone x3  
  30  3:35  Roach Warren  
  30  3:39  Zergling x2  
  30  4:02  Zergling x4  
  29  4:16  Drone x3  
  32  4:19  Drone  
  29  4:31  Zergling x6  
  29  4:37  Zergling x2  
  29  4:38  Zergling x2  
  34  4:39  Overlord x2  
  34  4:44  Extractor x2, Queen  
  34  4:48  Spine Crawler  
  34  4:49  Spine Crawler  
  26  5:21  Drone x6  
  31  5:30  Drone x3  
  34  5:42  Roach x2  
  38  5:48  Roach x2  
  42  5:53  Roach x2  
  46  5:59  Roach  
  46  6:00  Roach  
  50  6:07  Overlord x2  
  50  6:08  Overlord x2  
  50  6:27  Queen  
  50  6:28  Roach x3  
  50  6:29  Roach  
  50  6:31  Roach x2  
  64  6:45  Roach x2  
  66  7:04  Drone x4  
  70  7:19  Drone x4  
  70  7:22  Lair  
  74  7:29  Overlord x2  
  74  7:32  Hatchery  
  73  7:38  Drone  
  73  7:43  Ravager  
  73  7:44  Ravager x7  
  82  7:47  Ravager x3  
  82  7:48  Overlord x4  
  64  8:56  Roach x6  
  74  9:16  Roach x2, Drone  
  73  9:20  Roach x3  
  73  9:22  Roach x3  
  73  9:23  Roach  
  87  9:25  Glial Reconstitution  
  87  9:27  Burrow  
  87  9:31  Hatchery, Roach x3  
  92  9:44  Hatchery  
  91  9:46  Roach Warren  
  90  9:58  Drone x3  
  93  10:07  Drone x5  
  98  10:26  Tunneling Claws  
  98  10:32  Roach x12  
  122  10:36  Spore Crawler  
  122  10:39  Spore Crawler  
  122  10:42  Spore Crawler  
  119  10:45  Spore Crawler  
  119  10:49  Drone x2  
  120  10:51  Spore Crawler  
  120  10:52  Drone  
  120  10:58  Overlord  
  120  11:00  Overlord  
  120  11:14  Roach x4  
  120  11:15  Roach  
  120  11:18  Roach  
  132  11:20  Roach  
  132  11:23  Roach  
  136  11:33  Spire  
  135  12:05  Drone x3, Hydralisk Den  
  135  12:08  Extractor x2  
  135  12:21  Spine Crawler x2  
  135  12:22  Spine Crawler  
  132  12:23  Drone x3  
  132  12:25  Drone x6, Spine Crawler  
  132  12:26  Roach x37  
  140  12:44  Spore Crawler  
  140  12:45  Spore Crawler  
  140  12:46  Spine Crawler x2  
  140  12:47  Spine Crawler  
  119  12:57  Roach x8  
  98  13:08  Roach x4  
  98  13:10  Roach  
  96  13:17  Roach  
  75  13:27  Drone x2  
  76  13:43  Roach x3  
  76  13:46  Drone  
  83  13:49  Roach  
  83  13:54  Overseer  
  83  14:10  Roach x2  
  70  14:23  Roach x9  
  70  14:24  Roach x2  
  79  14:35  Roach x2  
  83  14:40  Drone x3  
  86  14:48  Drone x5  
  86  14:51  Overlord  
  91  15:04  Drone x4  
  91  15:05  Drone x2  
  97  15:21  Mutalisk x2  
  97  15:22  Mutalisk x3  
  97  15:23  Mutalisk  
  97  15:25  Mutalisk  
  111  15:28  Mutalisk  
  111  15:34  Mutalisk x2  
  117  15:37  Mutalisk  
  117  15:40  Mutalisk  
  121  15:43  Mutalisk  
  121  15:49  Mutalisk x2  
  127  15:58  Mutalisk x3  
  127  16:02  Mutalisk  
  135  16:07  Mutalisk x2  
  135  16:09  Mutalisk  
  137  16:19  Mutalisk x3  
  137  16:20  Mutalisk  
  137  16:23  Mutalisk  
  109  17:01  Mutalisk x4  
Show
View Real Time Build Order
Export as new Build Order

Ixisrisko Zerg 

Build Orders: Pool First, Ravager All-In 

Get SALT Encoding   

  12  0:00  Drone  
  13  0:13  Overlord  
  13  0:16  Drone  
  14  0:32  Drone x2  
  16  0:40  Drone  
  17  1:00  Drone, Spawning Pool  
  17  1:12  Extractor, Drone  
  17  1:16  Drone  
  18  1:27  Hatchery  
  18  1:31  Drone x2  
  19  1:49  Queen  
  19  1:50  Zergling x2  
  19  1:53  Overlord  
  22  2:00  Spine Crawler  
  21  2:10  Roach Warren, Drone  
  21  2:14  Drone  
  22  2:30  Drone  
  22  2:34  Extractor  
  22  2:52  Roach x2  
  27  2:58  Drone x2  
  27  2:59  Drone  
  27  3:00  Overlord  
  27  3:04  Roach  
  31  3:22  Ravager x2  
  31  3:23  Roach  
  31  3:24  Roach  
  37  3:28  Ravager  
  38  3:40  Hatchery  
  37  3:43  Roach  
  39  4:01  Roach  
  39  4:02  Roach  
  38  4:07  Roach  
  38  4:08  Ravager  
  35  4:13  Roach  
  35  4:14  Roach x2  
  41  4:27  Ravager  
  39  4:33  Roach  
  41  4:42  Drone x3  
  42  4:46  Ravager  
  42  4:50  Drone  
  44  5:06  Drone x2  
  44  5:07  Overlord  
  44  5:10  Overlord  
  43  5:23  Ravager  
  42  5:31  Drone x4  
  42  5:32  Queen x2  
  50  5:37  Baneling Nest  
  49  5:45  Ravager  
  49  5:46  Ravager  
  51  5:59  Drone x3  
  51  6:01  Metabolic Boost  
  54  6:27  Drone x4  
  54  6:28  Zergling x4  
  54  6:30  Lair  
  60  6:49  Overlord  
  60  6:50  Overlord x2  
  60  6:51  Baneling x4  
  51  7:03  Roach x3  
  51  7:09  Spine Crawler  
  51  7:13  Spine Crawler  
  51  7:14  Extractor  
  50  7:15  Roach  
  50  7:16  Roach  
  52  7:24  Evolution Chamber  
  51  7:32  Roach x4  
  59  7:38  Drone x2  
  59  7:39  Drone  
  59  7:40  Roach x3  
  68  7:50  Zerg Missile Weapons Level 1  
  68  7:52  Drone x2  
  68  7:55  Drone  
  69  8:06  Roach x2  
  67  8:20  Roach x4  
  65  8:33  Roach  
  60  8:40  Roach x3  
  62  8:53  Roach  
  62  8:54  Roach x2  
  52  9:03  Spine Crawler  
  52  9:04  Spine Crawler  
  52  9:05  Roach x4  
  60  9:12  Roach x2  
  60  9:23  Roach x3  
  66  9:25  Queen  
  68  9:32  Roach  
  70  9:39  Glial Reconstitution  
  70  9:50  Roach  
  70  9:51  Roach x2  
  76  9:55  Drone x2  
  76  9:56  Drone  
  79  10:04  Extractor, Queen  
  80  10:10  Ravager x2  
  80  10:13  Drone x2  
  84  10:28  Overlord x2  
  84  10:34  Overlord  
  84  10:46  Overlord  
  84  10:56  Burrow  
  84  10:57  Tunneling Claws, Drone  
  84  10:58  Drone x4  
  84  11:02  Overseer  
  89  11:12  Roach  
  89  11:13  Roach  
  93  11:27  Roach x4  
  103  11:32  Roach  
  103  11:33  Roach  
  105  11:43  Roach  
  107  11:50  Overlord x3  
  107  12:04  Ravager  
  107  12:06  Overlord x2  
  108  12:10  Roach x3  
  108  12:15  Roach x2  
  118  12:27  Roach  
  118  12:28  Roach x2  
  124  12:33  Spine Crawler  
  124  12:35  Roach x3  
  123  12:43  Roach x4  
  131  12:47  Roach x2  
  131  12:48  Roach x4  
  104  13:00  Roach x4  
  97  13:11  Roach x3  
  84  13:26  Roach x3  
  84  13:27  Spore Crawler  
  84  13:30  Spore Crawler  
  82  13:39  Roach x4  
  80  13:45  Overseer  
  80  13:46  Drone  
  80  13:47  Drone x4  
  75  14:14  Roach  
  75  14:15  Roach x4  
  60  14:24  Roach  
  60  14:30  Roach  
  56  14:33  Roach  
  54  14:38  Roach x5  
  54  14:44  Hatchery  
  53  14:53  Roach  
  53  14:54  Roach x3  
  62  15:07  Roach  
  62  15:08  Roach x5  
  62  15:12  Roach x8  
  74  15:20  Roach x4  
  82  15:35  Roach x18  
  82  15:38  Hatchery  
  82  15:41  Roach x4  
  89  15:58  Roach x5  
  99  16:10  Ravager x4  
  99  16:11  Ravager x6  
  107  16:15  Roach x4  
  115  16:23  Roach  
  117  16:31  Roach x8  
  54  17:07  Spore Crawler  
  54  17:08  Spore Crawler  
Tags
 
Add a new tag
Caveats
  • Supply blocks, unpowered buildings, or Contaminate may cause inaccurate times.
  • Supply counts are checked every 10 seconds.